Maple Leafs vs Canadiens
(R1)
Created - May 10, 2019 at 20:36
Goals
|
| Maple Leafs |
1 |
1 |
1 |
3 |
| Canadiens |
1 |
4 |
2 |
7 |
|
Shots
|
| Maple Leafs |
14 |
5 |
5 |
24 |
| Canadiens |
7 |
14 |
4 |
25 |
|
1st period
1. Maple Leafs , Kevin Shattenkirk 9 (Fabian Brunnstrom 31, Taylor Hall 45) at 1:51
2. Canadiens , Scott Hartnell 24 (Steve Downie 29, Colton Parayko 6) at 7:57 (PP)
Penalties :
Taylor Hall (Tor) for Hooking (Minor) at 7:41
2nd period
3. Maple Leafs , Brayden Schenn 21 (Fabian Brunnstrom 32, Jordan Staal 52) at 1:57
4. Canadiens , Greg Stewart 35 (Vitaly Vishnevsky 23, Frans Nielsen 50) at 2:58
5. Canadiens , Pierre-Marc Bouchard 26 (Steve Downie 30, Scott Hartnell 16) at 11:55 (PP)
6. Canadiens , David Jones 9 (Dustin Boyd 25, Raphael Diaz 36) at 16:03
7. Canadiens , Greg Stewart 36 (Evgeny Dadonov 37, Andrew Alberts 25) at 17:44 (PP)
Penalties :
Claude Giroux (Tor) for Slashing (Minor) at 5:26, Ben Smith (Tor) for High sticking (Minor) at 10:52, Mark Scheifele (Tor) for Hooking (Minor) at 17:10, Braydon Coburn (Tor) for Roughing (Minor) at 18:11
3rd period
8. Canadiens , Dustin Boyd 23 (Evgeny Dadonov 38, Andrew Alberts 26) at 0:54
9. Canadiens , David Jones 10 (Colton Parayko 7, Dustin Boyd 26) at 8:14
10. Maple Leafs , Fabian Brunnstrom 21 (Braydon Coburn 27, Jordan Staal 53) at 13:46
Penalties :
Viktor Stalberg (Mon) for Hooking (Minor) at 2:48, Pierre-Marc Bouchard (Mon) for Boarding (Minor) at 14:39, Claude Giroux (Tor) for Hooking (Minor) at 15:51
Goalie Stats
Marc-André Fleury (Tor), 13 saves from 17 shots - (0.765), L, 33-30-5, 36:03 minutes
Thomas McCollum (Tor), 5 saves from 8 shots - (0.625), 23:57 minutes
Henrik Lundqvist (Mon), 21 saves from 24 shots - (0.875), W, 32-26-9, 60:00 minutes
Players Stats for Maple Leafs
Player Name G A P +/- PIM S H SB GA TA FO MP PP MP PK MP
------------------------------------------------------------------------------------
Alex Killorn 0 0 0 0 0 1 1 0 0 0 0/0 8:59 0:00 0:00
Ben Smith 0 0 0 1 2 1 3 0 0 0 0/1 15:12 0:46 0:00
Blake Comeau 0 0 0 -2 0 2 3 2 0 0 0/1 12:09 0:00 1:29
Brayden Schenn 1 0 1 1 0 5 2 0 0 0 4/12 17:40 0:46 2:27
Braydon Coburn 0 1 1 3 2 3 2 4 1 0 0/0 24:50 0:48 3:22
Claude Giroux 0 0 0 0 4 1 3 3 2 0 2/7 20:52 2:24 2:57
Eric Nystrom 0 0 0 -2 0 1 3 1 1 0 0/2 12:24 0:00 1:15
Fabian Brunnstrom 1 2 3 1 0 3 3 0 1 1 0/0 16:06 0:46 0:37
Jeremy Morin 0 0 0 0 0 2 1 0 0 0 0/0 8:33 0:00 0:00
John Klingberg 0 0 0 -4 0 0 0 0 0 0 0/0 20:03 2:23 0:00
Jordan Staal 0 2 2 0 0 0 1 1 0 2 12/24 18:24 2:25 0:55
Kevin Shattenkirk 1 0 1 3 0 3 2 1 1 1 0/0 27:50 2:23 4:35
Marc-Édouard Vlasic 0 0 0 0 0 0 0 0 0 0 0/0 13:09 0:48 1:13
Mark Scheifele 0 0 0 -2 2 0 1 0 0 0 0/2 11:09 0:00 0:26
Nate Thompson 0 0 0 0 0 0 1 1 0 0 2/6 8:33 0:00 0:00
Ryan Parent 0 0 0 -4 0 1 3 2 1 0 0/0 20:29 0:00 2:28
Taylor Chorney 0 0 0 0 0 0 1 1 0 1 0/0 13:49 0:00 2:28
Taylor Hall 0 1 1 0 2 1 0 0 2 0 1/2 21:53 2:25 4:00
Players Stats for Canadiens
Player Name G A P +/- PIM S H SB GA TA FO MP PP MP PK MP
------------------------------------------------------------------------------------
Andrew Alberts 0 2 2 1 0 3 1 0 0 3 0/0 28:51 4:39 1:51
Brett Maclean 0 0 0 0 0 0 0 0 0 0 0/0 6:02 0:00 0:00
Colton Parayko 0 2 2 1 0 2 3 4 0 0 0/0 27:00 4:39 0:00
David Jones 2 0 2 1 0 2 1 0 0 0 0/0 13:50 0:04 0:42
Dustin Boyd 1 2 3 1 0 3 2 1 0 1 1/4 13:37 0:04 0:00
Enver Lisin 0 0 0 0 0 0 0 0 0 0 0/0 0:20 0:00 0:00
Evgeny Dadonov 0 2 2 0 0 3 2 0 1 0 0/0 16:12 2:38 0:00
Frans Nielsen 0 1 1 0 0 3 0 0 0 0 9/11 16:12 2:38 0:00
Greg Stewart 2 0 2 0 0 2 0 0 0 0 0/0 22:34 2:38 1:58
Mark Stuart 0 0 0 -2 0 0 0 1 0 0 0/0 13:27 0:00 1:51
Pierre-Marc Bouchard 1 0 1 0 2 3 1 1 0 0 19/33 21:38 4:21 0:31
Raphael Diaz 0 1 1 2 0 0 0 1 0 2 0/0 19:33 2:24 1:20
Scott Hartnell 1 1 2 0 0 1 1 0 2 0 2/2 21:16 4:21 0:25
Shaone Morrisonn 0 0 0 -2 0 0 0 0 0 1 0/0 11:36 0:00 0:00
Steve Downie 0 2 2 0 0 1 0 0 1 0 1/1 22:07 4:21 0:48
Tomas Plekanec 0 0 0 0 0 2 0 0 0 0 4/6 9:10 0:04 1:58
Viktor Stalberg 0 0 0 1 2 0 0 1 1 0 0/0 13:02 0:00 0:00
Vitaly Vishnevsky 0 1 1 2 0 0 1 0 0 2 0/0 19:33 2:24 1:20
3 Stars
1 - Dustin Boyd (Mon)
2 - David Jones (Mon)
3 - Greg Stewart (Mon)
Power Play
Maple Leafs - 0 on 2 Attempt(s) - 0.00%
Canadiens - 3 on 6 Attempt(s) - 50.00%
Penalty Kill
Maple Leafs - 3 on 6 Attempt(s) - 50.00%
- Score 0 goal in Penalty Kill
Canadiens - 2 on 2 Attempt(s) - 100.00%
- Score 0 goal in Penalty Kill
Team Stat
Maple Leafs - Hits : 30 - Faceoff Wins : 21 - Blocked Shots : 16 - Penalty Minutes : 12
Canadiens - Hits : 12 - Faceoff Wins : 36 - Blocked Shots : 9 - Penalty Minutes : 4
Official
Referees : Unknown
Linesman : Unknown
Game Notes
2:58 of 2nd period - Canadiens goal is going for a video replay. After video review, Goal.
Thomas McCollum enters game at 16:03 of 2nd period
Finance
Level 1 -- Attendance: 6000 (100.00%) -- Ticket Income $540,000
Level 2 -- Attendance: 5000 (100.00%) -- Ticket Income $275,000
Level 3 -- Attendance: 1793 (89.65%) -- Ticket Income $62,755
Level 4 -- Attendance: 3690 (92.25%) -- Ticket Income $92,250
Luxury Box -- Attendance: 1000 (100.00%) -- Ticket Income $147,000
Game was played at the Centre Bell.
Total Attendance: 17483 (97.13%)
Total Ticket Income: $1,117,005
Other Income: $167,551
Total Income: $1,284,556
Maple Leafs
5 vs 5 Forward
Center Left Wing Right Wing Time % Phy DF OF
1 Jordan Staal Taylor Hall Claude Giroux 40 1 2 2
2 Brayden Schenn Fabian Brunnstrom Ben Smith 30 1 2 2
3 Mark Scheifele Eric Nystrom Blake Comeau 20 1 2 2
4 Nate Thompson Alex Killorn Jeremy Morin 10 1 2 2
5 vs 5 Defense
Defense Defense Time % Phy DF OF
1 Kevin Shattenkirk Braydon Coburn 40 1 2 2
2 John Klingberg Ryan Parent 30 1 2 2
3 Taylor Chorney Marc-Édouard Vlasic 20 1 2 2
4 Kevin Shattenkirk Braydon Coburn 10 1 2 2
PowerPlay Forward
Center Left Wing Right Wing Time % Phy DF OF
1 Jordan Staal Taylor Hall Claude Giroux 60 1 2 2
2 Brayden Schenn Fabian Brunnstrom Ben Smith 40 1 2 2
PowerPlay Defense
Defense Defense Time % Phy DF OF
1 Kevin Shattenkirk John Klingberg 60 1 2 2
2 Braydon Coburn Marc-Édouard Vlasic 40 1 2 2
Penalty Kill 4 Players Forward
Center Wing Time % Phy DF OF
1 Claude Giroux Taylor Hall 60 1 2 2
2 Jordan Staal Brayden Schenn 40 1 2 2
Penalty Kill 4 Players Defense
Defense Defense Time % Phy DF OF
1 Kevin Shattenkirk Braydon Coburn 60 1 2 2
2 Taylor Chorney Ryan Parent 40 1 2 2
Penalty Kill - 3 Players Forward
Forward Time % Phy DF OF
1 Brayden Schenn 60 1 2 2
2 Jordan Staal 40 1 2 2
Penalty Kill - 3 Players Defense
Defense Defense Time % Phy DF OF
1 Kevin Shattenkirk Braydon Coburn 60 1 2 2
2 Taylor Chorney Ryan Parent 40 1 2 2
4 vs 4 Forward
Center Wing Time % Phy DF OF
1 Claude Giroux Taylor Hall 60 1 2 2
2 Jordan Staal Brayden Schenn 40 1 2 2
4 vs 4 Defense
Defense Defense Time % Phy DF OF
1 Kevin Shattenkirk Braydon Coburn 60 1 2 2
2 Taylor Chorney Ryan Parent 40 1 2 2
Last Minutes Offensive
Center Left Wing Right Wing Defense Defense
Jordan Staal Taylor Hall Claude Giroux Kevin Shattenkirk John Klingberg
Last Minutes Defensive
Center Left Wing Right Wing Defense Defense
Jordan Staal Eric Nystrom Claude Giroux Taylor Chorney Braydon Coburn
Goaltenders
Starting : Marc-André Fleury
Backup : Thomas McCollum
Extra Forwards
Normal : Eric Nystrom, Alex Killorn, Blake Comeau - PP : Eric Nystrom, Alex Killorn - PK : Blake Comeau
Extra Defensemen
Normal : John Klingberg, Marc-Édouard Vlasic, Taylor Chorney - PP : John Klingberg - PK : Marc-Édouard Vlasic, Taylor Chorney
Penalty Shots
Claude Giroux, Taylor Hall, Jordan Staal, Brayden Schenn, Fabian Brunnstrom
Scratches
None
Canadiens
5 vs 5 Forward
Center Left Wing Right Wing Time % Phy DF OF
1 Pierre-Marc Bouchard Scott Hartnell Steve Downie 40 1 2 2
2 Frans Nielsen Greg Stewart Evgeny Dadonov 30 1 2 2
3 Dustin Boyd Viktor Stalberg David Jones 20 1 2 2
4 Tomas Plekanec Brett Maclean Greg Stewart 10 1 2 2
5 vs 5 Defense
Defense Defense Time % Phy DF OF
1 Colton Parayko Andrew Alberts 40 1 2 2
2 Raphael Diaz Vitaly Vishnevsky 30 1 2 2
3 Shaone Morrisonn Mark Stuart 20 1 2 2
4 Andrew Alberts Colton Parayko 10 1 2 2
PowerPlay Forward
Center Left Wing Right Wing Time % Phy DF OF
1 Pierre-Marc Bouchard Scott Hartnell Steve Downie 60 1 2 2
2 Frans Nielsen Greg Stewart Evgeny Dadonov 40 1 2 2
PowerPlay Defense
Defense Defense Time % Phy DF OF
1 Andrew Alberts Colton Parayko 60 1 2 2
2 Raphael Diaz Vitaly Vishnevsky 40 1 2 2
Penalty Kill 4 Players Forward
Center Wing Time % Phy DF OF
1 Tomas Plekanec Greg Stewart 60 1 2 2
2 Pierre-Marc Bouchard Steve Downie 40 1 2 2
Penalty Kill 4 Players Defense
Defense Defense Time % Phy DF OF
1 Andrew Alberts Mark Stuart 60 1 2 2
2 Raphael Diaz Vitaly Vishnevsky 40 1 2 2
Penalty Kill - 3 Players Forward
Forward Time % Phy DF OF
1 Tomas Plekanec 60 1 2 2
2 Greg Stewart 40 1 2 2
Penalty Kill - 3 Players Defense
Defense Defense Time % Phy DF OF
1 Andrew Alberts Mark Stuart 60 1 2 2
2 Raphael Diaz Colton Parayko 40 1 2 2
4 vs 4 Forward
Center Wing Time % Phy DF OF
1 Tomas Plekanec Greg Stewart 60 1 2 2
2 Pierre-Marc Bouchard Steve Downie 40 1 2 2
4 vs 4 Defense
Defense Defense Time % Phy DF OF
1 Andrew Alberts Colton Parayko 60 1 2 2
2 Raphael Diaz Vitaly Vishnevsky 40 1 2 2
Last Minutes Offensive
Center Left Wing Right Wing Defense Defense
Pierre-Marc Bouchard Scott Hartnell Steve Downie Andrew Alberts Mark Stuart
Last Minutes Defensive
Center Left Wing Right Wing Defense Defense
Pierre-Marc Bouchard Scott Hartnell Steve Downie Andrew Alberts Mark Stuart
Goaltenders
Starting : Henrik Lundqvist
Backup : Allen York
Extra Forwards
Normal : Dustin Boyd, Tomas Plekanec, David Jones - PP : Dustin Boyd, Tomas Plekanec - PK : David Jones
Extra Defensemen
Normal : Colton Parayko, Andrew Alberts, Raphael Diaz - PP : Colton Parayko - PK : Shaone Morrisonn, Andrew Alberts
Penalty Shots
Frans Nielsen, Greg Stewart, Pierre-Marc Bouchard, Steve Downie, Scott Hartnell
Scratches
Adam Pardy (Healthy), Dustin Kohn (Healthy), Marcel Goc (Healthy), Nikolai Zherdev (Healthy), Wes O'Neill (Healthy)
% Time on Ice - Maple Leafs
Lines # - Real PCT - Wanted PCT - Time Play
Normal Forward
1 - 32% - 40% - 15:32
2 - 29% - 30% - 14:27
3 - 21% - 20% - 10:27
4 - 17% - 10% - 8:33
Normal Defense
1 - 36% - 40% - 17:39
2 - 36% - 30% - 17:33
3 - 22% - 20% - 10:53
4 - 6% - 10% - 2:54
PP Forward
1 - 76% - 60% - 2:25
2 - 24% - 40% - 0:46
PP Defense
1 - 75% - 60% - 2:23
2 - 25% - 40% - 0:48
PK Forward
1 - 87% - 60% - 6:08
2 - 13% - 40% - 0:55
PK Defense
1 - 65% - 60% - 4:35
2 - 35% - 40% - 2:28
PK3 Forward
1 - 0% - 60%
2 - 0% - 40%
PK3 Defense
1 - 0% - 60%
2 - 0% - 40%
44 Forward
1 - 100% - 60% - 0:47
2 - 0% - 40% - 0:00
44 Defense
1 - 40% - 60% - 0:19
2 - 60% - 40% - 0:28
Last Minute Offensive - 0:00
Last Minute Defensive - 0:00
Total
Forward - 60:00
Defense - 60:00
|
% Time on Ice - Canadiens
Lines # - Real PCT - Wanted PCT - Time Play
Normal Forward
1 - 34% - 40% - 16:28
2 - 29% - 30% - 14:08
3 - 25% - 20% - 12:29
4 - 12% - 10% - 5:54
Normal Defense
1 - 39% - 40% - 19:14
2 - 32% - 30% - 15:49
3 - 24% - 20% - 11:36
4 - 5% - 10% - 2:20
PP Forward
1 - 63% - 60% - 4:25
2 - 37% - 40% - 2:38
PP Defense
1 - 66% - 60% - 4:39
2 - 34% - 40% - 2:24
PK Forward
1 - 75% - 60% - 2:23
2 - 25% - 40% - 0:48
PK Defense
1 - 58% - 60% - 1:51
2 - 42% - 40% - 1:20
PK3 Forward
1 - 0% - 60%
2 - 0% - 40%
PK3 Defense
1 - 0% - 60%
2 - 0% - 40%
44 Forward
1 - 77% - 60% - 0:36
2 - 23% - 40% - 0:11
44 Defense
1 - 100% - 60% - 0:47
2 - 0% - 40% - 0:00
Last Minute Offensive - 0:00
Last Minute Defensive - 0:00
Total
Forward - 60:00
Defense - 60:00
|
Play-by-Play
1st period
0:01 of 1st period - Jordan Staal wins face-off versus Pierre-Marc Bouchard in neutral zone.
1:51 of 1st period - Slapshot by Kevin Shattenkirk.
1:51 of 1st period - Goal by Kevin Shattenkirk - Maple Leafs : 1 - Canadiens : 0.
1:52 of 1st period - Frans Nielsen wins face-off versus Ben Smith in neutral zone.
2:06 of 1st period - Colton Parayko is hit by Ben Smith and loses puck.
2:17 of 1st period - Frans Nielsen is hit by Eric Nystrom and loses puck.
3:33 of 1st period - Steve Downie is hit by Jeremy Morin and loses puck.
4:21 of 1st period - Icing by Viktor Stalberg.
4:22 of 1st period - Nate Thompson wins face-off versus Dustin Boyd in Canadiens zone.
5:09 of 1st period - Slapshot by Claude Giroux.
5:09 of 1st period - Shot Misses the Net.
5:21 of 1st period - Wrist shot by Taylor Hall.
5:21 of 1st period - Shot Misses the Net.
5:23 of 1st period - Slapshot by Kevin Shattenkirk.
5:23 of 1st period - Stopped by Henrik Lundqvist with a rebound.
5:25 of 1st period - Slapshot by Braydon Coburn.
5:25 of 1st period - Deflect By Andrew Alberts.
5:25 of 1st period - Stopped by Henrik Lundqvist without a rebound.
5:26 of 1st period - Brayden Schenn wins face-off versus Pierre-Marc Bouchard in Canadiens zone.
5:41 of 1st period - Snap shot by Pierre-Marc Bouchard.
5:41 of 1st period - Stopped by Marc-André Fleury with a rebound.
5:51 of 1st period - Jordan Staal is hit by Vitaly Vishnevsky and loses puck.
6:22 of 1st period - Slapshot by John Klingberg.
6:22 of 1st period - Shot Blocked by Raphael Diaz.
6:29 of 1st period - Icing by Raphael Diaz.
6:30 of 1st period - Nate Thompson wins face-off versus Frans Nielsen in Canadiens zone.
6:43 of 1st period - Snap shot by Claude Giroux.
6:43 of 1st period - Stopped by Henrik Lundqvist with a rebound.
6:45 of 1st period - Slapshot by Braydon Coburn.
6:45 of 1st period - Stopped by Henrik Lundqvist without a rebound.
6:46 of 1st period - Scott Hartnell wins face-off versus Brayden Schenn in Canadiens zone.
6:46 of 1st period - Scott Hartnell is hit by Brayden Schenn.
6:53 of 1st period - Off-side.
6:54 of 1st period - Brayden Schenn wins face-off versus Pierre-Marc Bouchard in neutral zone.
6:57 of 1st period - Wrist shot by Kevin Shattenkirk.
6:57 of 1st period - Shot Misses the Net.
7:18 of 1st period - Icing by Pierre-Marc Bouchard.
7:19 of 1st period - Tomas Plekanec wins face-off versus Jordan Staal in Canadiens zone.
7:19 of 1st period - Tomas Plekanec is hit by Ryan Parent.
7:41 of 1st period - Minor Penalty to Taylor Hall for Hooking.
7:42 of 1st period - Pierre-Marc Bouchard wins face-off versus Claude Giroux in Maple Leafs zone.
7:43 of 1st period - Wrist shot by Steve Downie.
7:43 of 1st period - Shot Blocked by Claude Giroux.
7:45 of 1st period - Slapshot by Andrew Alberts.
7:45 of 1st period - Shot Misses the Net.
7:47 of 1st period - Backhand shot by Pierre-Marc Bouchard.
7:47 of 1st period - Shot Misses the Net.
7:49 of 1st period - Slapshot by Colton Parayko.
7:49 of 1st period - Shot Blocked by Kevin Shattenkirk.
7:51 of 1st period - Slapshot by Colton Parayko.
7:51 of 1st period - Stopped by Marc-André Fleury with a rebound.
7:53 of 1st period - Wrist shot by Steve Downie.
7:53 of 1st period - Shot Misses the Net.
7:55 of 1st period - Wrist shot by Steve Downie.
7:55 of 1st period - Shot Blocked by Blake Comeau.
7:57 of 1st period - Wrist shot by Scott Hartnell.
7:57 of 1st period - Goal by Scott Hartnell - Maple Leafs : 1 - Canadiens : 1.
7:58 of 1st period - Pierre-Marc Bouchard wins face-off versus Eric Nystrom in neutral zone.
8:03 of 1st period - Wrist shot by Steve Downie.
8:03 of 1st period - Stopped by Marc-André Fleury with a rebound.
8:09 of 1st period - Slapshot by Kevin Shattenkirk.
8:09 of 1st period - Stopped by Henrik Lundqvist without a rebound.
8:10 of 1st period - Pierre-Marc Bouchard wins face-off versus Jordan Staal in Canadiens zone.
8:25 of 1st period - Snap shot by Taylor Hall.
8:25 of 1st period - Deflect By Scott Hartnell.
8:25 of 1st period - Shot Blocked by Colton Parayko.
8:25 of 1st period - Puck is out of play.
8:26 of 1st period - Frans Nielsen wins face-off versus Brayden Schenn in Canadiens zone.
8:31 of 1st period - Wrist shot by Brayden Schenn.
8:31 of 1st period - Shot Blocked by Colton Parayko.
10:06 of 1st period - Greg Stewart is hit by Blake Comeau and loses puck.
10:17 of 1st period - Wrist shot by Claude Giroux.
10:17 of 1st period - Shot Blocked by Viktor Stalberg.
10:53 of 1st period - Icing by Shaone Morrisonn.
10:54 of 1st period - Frans Nielsen wins face-off versus Nate Thompson in Canadiens zone.
10:54 of 1st period - Frans Nielsen is hit by Nate Thompson.
11:26 of 1st period - Wrist shot by Frans Nielsen.
11:26 of 1st period - Shot Misses the Net.
11:44 of 1st period - Taylor Chorney is hit by Evgeny Dadonov and loses puck.
12:11 of 1st period - Slapshot by Frans Nielsen.
12:11 of 1st period - Stopped by Marc-André Fleury without a rebound.
12:12 of 1st period - Pierre-Marc Bouchard wins face-off versus Brayden Schenn in Maple Leafs zone.
12:21 of 1st period - Snap shot by Brayden Schenn.
12:21 of 1st period - Stopped by Henrik Lundqvist without a rebound.
12:22 of 1st period - Brayden Schenn wins face-off versus Pierre-Marc Bouchard in Canadiens zone.
12:27 of 1st period - Slapshot by Brayden Schenn.
12:27 of 1st period - Stopped by Henrik Lundqvist with a rebound.
13:06 of 1st period - Backhand shot by Fabian Brunnstrom.
13:06 of 1st period - Deflect By Brayden Schenn.
13:06 of 1st period - Stopped by Henrik Lundqvist with a rebound.
13:08 of 1st period - Snap shot by Ryan Parent.
13:08 of 1st period - Stopped by Henrik Lundqvist without a rebound.
13:09 of 1st period - Jordan Staal wins face-off versus Dustin Boyd in Canadiens zone.
13:50 of 1st period - Off-side.
13:51 of 1st period - Frans Nielsen wins face-off versus Nate Thompson in neutral zone.
13:56 of 1st period - Snap shot by Greg Stewart.
13:56 of 1st period - Shot Blocked by Nate Thompson.
13:58 of 1st period - Slapshot by Andrew Alberts.
13:58 of 1st period - Stopped by Marc-André Fleury without a rebound.
13:59 of 1st period - Pierre-Marc Bouchard wins face-off versus Jordan Staal in Maple Leafs zone.
14:51 of 1st period - Fabian Brunnstrom is hit by Dustin Boyd and loses puck.
15:00 of 1st period - Snap shot by Fabian Brunnstrom.
15:00 of 1st period - Stopped by Henrik Lundqvist without a rebound.
15:01 of 1st period - Pierre-Marc Bouchard wins face-off versus Jordan Staal in Canadiens zone.
15:26 of 1st period - Raphael Diaz is hit by Mark Scheifele and loses puck.
15:53 of 1st period - Slapshot by Kevin Shattenkirk.
15:53 of 1st period - Shot Misses the Net.
16:18 of 1st period - Scott Hartnell is hit by Ryan Parent.
16:32 of 1st period - Wrist shot by Claude Giroux.
16:32 of 1st period - Shot Misses the Net.
17:25 of 1st period - Slapshot by Blake Comeau.
17:25 of 1st period - Stopped by Henrik Lundqvist with a rebound.
17:29 of 1st period - Slapshot by Blake Comeau.
17:29 of 1st period - Stopped by Henrik Lundqvist with a rebound.
17:31 of 1st period - Slapshot by John Klingberg.
17:31 of 1st period - Shot Misses the Net.
17:33 of 1st period - Slapshot by John Klingberg.
17:33 of 1st period - Deflect By Eric Nystrom.
17:33 of 1st period - Stopped by Henrik Lundqvist without a rebound.
17:34 of 1st period - Pierre-Marc Bouchard wins face-off versus Jordan Staal in Canadiens zone.
17:45 of 1st period - Backhand shot by Pierre-Marc Bouchard.
17:45 of 1st period - Deflect By Steve Downie.
17:45 of 1st period - Shot Blocked by Jordan Staal.
17:45 of 1st period - Puck is out of play.
17:46 of 1st period - Pierre-Marc Bouchard wins face-off versus Jordan Staal in Maple Leafs zone.
18:13 of 1st period - Evgeny Dadonov is hit by Braydon Coburn and loses puck.
18:34 of 1st period - Snap shot by Dustin Boyd.
18:34 of 1st period - Stopped by Marc-André Fleury with a rebound.
18:36 of 1st period - Slapshot by Vitaly Vishnevsky.
18:36 of 1st period - Shot Misses the Net.
18:38 of 1st period - Snap shot by Viktor Stalberg.
18:38 of 1st period - Deflect By Braydon Coburn.
18:38 of 1st period - Shot Misses the Net.
18:38 of 1st period - Puck is out of play.
18:39 of 1st period - Jordan Staal wins face-off versus Pierre-Marc Bouchard in Maple Leafs zone.
19:57 of 1st period - Wrist shot by Pierre-Marc Bouchard.
19:57 of 1st period - Shot Misses the Net.
19:59 of 1st period - Wrist shot by Steve Downie.
19:59 of 1st period - Shot Blocked by Braydon Coburn.
Goals for this period are 1 for Maple Leafs vs 1 for Canadiens.
Shots for this period are 14 for Maple Leafs vs 7 for Canadiens.
2nd period
0:01 of 2nd period - Jordan Staal wins face-off versus Pierre-Marc Bouchard in neutral zone.
0:11 of 2nd period - Snap shot by Vitaly Vishnevsky.
0:11 of 2nd period - Shot Blocked by Claude Giroux.
0:35 of 2nd period - Wrist shot by Greg Stewart.
0:35 of 2nd period - Shot Misses the Net.
0:55 of 2nd period - Slapshot by Dustin Boyd.
0:55 of 2nd period - Shot Misses the Net.
0:57 of 2nd period - Slapshot by Colton Parayko.
0:57 of 2nd period - Stopped by Marc-André Fleury with a rebound.
0:59 of 2nd period - Slapshot by Colton Parayko.
0:59 of 2nd period - Deflect By Dustin Boyd.
0:59 of 2nd period - Stopped by Marc-André Fleury with a rebound.
1:55 of 2nd period - Snap shot by Brayden Schenn.
1:55 of 2nd period - Stopped by Henrik Lundqvist with a rebound.
1:57 of 2nd period - Wrist shot by Brayden Schenn.
1:57 of 2nd period - Goal by Brayden Schenn - Maple Leafs : 2 - Canadiens : 1.
1:58 of 2nd period - Pierre-Marc Bouchard wins face-off versus Jordan Staal in neutral zone.
2:01 of 2nd period - Backhand shot by Andrew Alberts.
2:01 of 2nd period - Stopped by Marc-André Fleury with a rebound.
2:38 of 2nd period - Snap shot by Scott Hartnell.
2:38 of 2nd period - Shot Blocked by Taylor Chorney.
2:56 of 2nd period - Wrist shot by Frans Nielsen.
2:56 of 2nd period - Stopped by Marc-André Fleury with a rebound.
2:58 of 2nd period - Slapshot by Vitaly Vishnevsky.
2:58 of 2nd period - Deflect By Greg Stewart.
2:58 of 2nd period - Canadiens goal is going for a video replay.
2:58 of 2nd period - The goal is good.
2:58 of 2nd period - Goal by Greg Stewart - Maple Leafs : 2 - Canadiens : 2.
2:59 of 2nd period - Frans Nielsen wins face-off versus Jordan Staal in neutral zone.
3:50 of 2nd period - Raphael Diaz is hit by Blake Comeau and loses puck.
4:02 of 2nd period - Icing by David Jones.
4:03 of 2nd period - Jordan Staal wins face-off versus Dustin Boyd in Canadiens zone.
4:12 of 2nd period - Wrist shot by Taylor Hall.
4:12 of 2nd period - Stopped by Henrik Lundqvist with a rebound.
5:17 of 2nd period - Off-side.
5:18 of 2nd period - Tomas Plekanec wins face-off versus Mark Scheifele in neutral zone.
5:23 of 2nd period - Slapshot by Tomas Plekanec.
5:23 of 2nd period - Stopped by Marc-André Fleury without a rebound.
5:24 of 2nd period - Jordan Staal wins face-off versus Pierre-Marc Bouchard in Maple Leafs zone.
5:26 of 2nd period - Minor Penalty to Claude Giroux for Slashing.
5:27 of 2nd period - Pierre-Marc Bouchard wins face-off versus Blake Comeau in Maple Leafs zone.
5:43 of 2nd period - Snap shot by Scott Hartnell.
5:43 of 2nd period - Shot Blocked by Blake Comeau.
7:26 of 2nd period - Penalty to Claude Giroux is over, Claude Giroux is back on ice.
7:36 of 2nd period - Marc-Édouard Vlasic is hit by David Jones and loses puck.
7:47 of 2nd period - Shaone Morrisonn is hit by Alex Killorn and loses puck.
8:42 of 2nd period - Frans Nielsen is hit by Kevin Shattenkirk and loses puck.
9:07 of 2nd period - Snap shot by Jeremy Morin.
9:07 of 2nd period - Stopped by Henrik Lundqvist with a rebound.
9:09 of 2nd period - Wrist shot by Alex Killorn.
9:09 of 2nd period - Shot Misses the Net.
9:21 of 2nd period - Colton Parayko is hit by Taylor Chorney and loses puck.
9:46 of 2nd period - Mark Stuart is hit by Jordan Staal and loses puck.
10:44 of 2nd period - Icing by Vitaly Vishnevsky.
10:45 of 2nd period - Frans Nielsen wins face-off versus Brayden Schenn in Canadiens zone.
10:47 of 2nd period - Icing by Raphael Diaz.
10:48 of 2nd period - Frans Nielsen wins face-off versus Brayden Schenn in Canadiens zone.
10:52 of 2nd period - Minor Penalty to Ben Smith for High sticking.
10:53 of 2nd period - Pierre-Marc Bouchard wins face-off versus Claude Giroux in Maple Leafs zone.
11:03 of 2nd period - Wrist shot by Pierre-Marc Bouchard.
11:03 of 2nd period - Deflect By Scott Hartnell.
11:03 of 2nd period - Shot Blocked by Braydon Coburn.
11:03 of 2nd period - Puck is out of play.
11:04 of 2nd period - Claude Giroux wins face-off versus Pierre-Marc Bouchard in Maple Leafs zone.
11:04 of 2nd period - Claude Giroux is hit by Scott Hartnell.
11:39 of 2nd period - Backhand shot by Evgeny Dadonov.
11:39 of 2nd period - Stopped by Marc-André Fleury with a rebound.
11:41 of 2nd period - Snap shot by Evgeny Dadonov.
11:41 of 2nd period - Stopped by Marc-André Fleury without a rebound.
11:42 of 2nd period - Pierre-Marc Bouchard wins face-off versus Claude Giroux in Maple Leafs zone.
11:55 of 2nd period - Wrist shot by Steve Downie.
11:55 of 2nd period - Deflect By Pierre-Marc Bouchard.
11:55 of 2nd period - Goal by Pierre-Marc Bouchard - Maple Leafs : 2 - Canadiens : 3.
11:56 of 2nd period - Pierre-Marc Bouchard wins face-off versus Claude Giroux in neutral zone.
12:01 of 2nd period - Jordan Staal is hit by Andrew Alberts.
12:27 of 2nd period - Kevin Shattenkirk is hit by Colton Parayko and loses puck.
12:48 of 2nd period - Slapshot by Dustin Boyd.
12:48 of 2nd period - Shot Misses the Net.
12:50 of 2nd period - Slapshot by Vitaly Vishnevsky.
12:50 of 2nd period - Shot Blocked by Braydon Coburn.
13:49 of 2nd period - Slapshot by Nate Thompson.
13:49 of 2nd period - Shot Misses the Net.
13:57 of 2nd period - Backhand shot by Jeremy Morin.
13:57 of 2nd period - Stopped by Henrik Lundqvist without a rebound.
13:58 of 2nd period - Steve Downie wins face-off versus Taylor Hall in Canadiens zone.
13:58 of 2nd period - Steve Downie is hit by Claude Giroux.
14:12 of 2nd period - Wrist shot by Pierre-Marc Bouchard.
14:12 of 2nd period - Shot Misses the Net.
14:14 of 2nd period - Wrist shot by Scott Hartnell.
14:14 of 2nd period - Shot Blocked by Ryan Parent.
14:54 of 2nd period - Snap shot by Nate Thompson.
14:54 of 2nd period - Shot Blocked by Dustin Boyd.
15:14 of 2nd period - Snap shot by Pierre-Marc Bouchard.
15:14 of 2nd period - Deflect By Steve Downie.
15:14 of 2nd period - Shot Misses the Net.
15:14 of 2nd period - Puck is out of play.
15:15 of 2nd period - Jordan Staal wins face-off versus Pierre-Marc Bouchard in Maple Leafs zone.
15:15 of 2nd period - Jordan Staal is hit by Colton Parayko.
16:03 of 2nd period - Wrist shot by David Jones.
16:03 of 2nd period - Goal by David Jones - Maple Leafs : 2 - Canadiens : 4.
16:03 of 2nd period - Thomas McCollum enters game.
16:04 of 2nd period - Jordan Staal wins face-off versus Pierre-Marc Bouchard in neutral zone.
16:30 of 2nd period - Andrew Alberts is hit by Fabian Brunnstrom and loses puck.
17:10 of 2nd period - Minor Penalty to Mark Scheifele for Hooking.
17:11 of 2nd period - Taylor Hall wins face-off versus Pierre-Marc Bouchard in Maple Leafs zone.
17:27 of 2nd period - Snap shot by Pierre-Marc Bouchard.
17:27 of 2nd period - Stopped by Thomas McCollum with a rebound.
17:37 of 2nd period - Taylor Hall is hit by Evgeny Dadonov and loses puck.
17:44 of 2nd period - Wrist shot by Greg Stewart.
17:44 of 2nd period - Goal by Greg Stewart - Maple Leafs : 2 - Canadiens : 5.
17:45 of 2nd period - Pierre-Marc Bouchard wins face-off versus Brayden Schenn in neutral zone.
18:11 of 2nd period - Minor Penalty to Braydon Coburn for Roughing.
18:12 of 2nd period - Pierre-Marc Bouchard wins face-off versus Claude Giroux in Maple Leafs zone.
18:27 of 2nd period - Slapshot by Pierre-Marc Bouchard.
18:27 of 2nd period - Shot Misses the Net.
18:43 of 2nd period - Wrist shot by Evgeny Dadonov.
18:43 of 2nd period - Stopped by Thomas McCollum with a rebound.
18:45 of 2nd period - Wrist shot by Frans Nielsen.
18:45 of 2nd period - Shot Misses the Net.
18:47 of 2nd period - Wrist shot by Frans Nielsen.
18:47 of 2nd period - Stopped by Thomas McCollum with a rebound.
Goals for this period are 1 for Maple Leafs vs 4 for Canadiens.
Shots for this period are 5 for Maple Leafs vs 14 for Canadiens.
3rd period
0:01 of 3rd period - Claude Giroux wins face-off versus Pierre-Marc Bouchard in neutral zone.
0:04 of 3rd period - Andrew Alberts is hit by Claude Giroux and loses puck.
0:11 of 3rd period - Penalty to Braydon Coburn is over, Braydon Coburn is back on ice.
0:25 of 3rd period - Evgeny Dadonov is hit by Fabian Brunnstrom.
0:52 of 3rd period - Wrist shot by Dustin Boyd.
0:52 of 3rd period - Shot Blocked by Eric Nystrom.
0:54 of 3rd period - Slapshot by Dustin Boyd.
0:54 of 3rd period - Goal by Dustin Boyd - Maple Leafs : 2 - Canadiens : 6.
0:55 of 3rd period - Jordan Staal wins face-off versus Pierre-Marc Bouchard in neutral zone.
1:02 of 3rd period - Slapshot by Kevin Shattenkirk.
1:02 of 3rd period - Shot Blocked by Pierre-Marc Bouchard.
1:28 of 3rd period - Snap shot by David Jones.
1:28 of 3rd period - Shot Blocked by Claude Giroux.
1:43 of 3rd period - Kevin Shattenkirk is hit by Colton Parayko and loses puck.
2:10 of 3rd period - Slapshot by Eric Nystrom.
2:10 of 3rd period - Shot Misses the Net.
2:12 of 3rd period - Snap shot by Blake Comeau.
2:12 of 3rd period - Shot Blocked by Colton Parayko.
2:23 of 3rd period - Icing by Eric Nystrom.
2:24 of 3rd period - Dustin Boyd wins face-off versus Nate Thompson in Maple Leafs zone.
2:41 of 3rd period - Raphael Diaz is hit by Ryan Parent and loses puck.
2:48 of 3rd period - Minor Penalty to Viktor Stalberg for Hooking.
2:49 of 3rd period - Jordan Staal wins face-off versus Tomas Plekanec in Canadiens zone.
3:20 of 3rd period - Greg Stewart is hit by Ben Smith and loses puck.
3:41 of 3rd period - Slapshot by Pierre-Marc Bouchard.
3:41 of 3rd period - Shot Blocked by Braydon Coburn.
4:48 of 3rd period - Penalty to Viktor Stalberg is over, Viktor Stalberg is back on ice.
5:04 of 3rd period - Snap shot by Nate Thompson.
5:04 of 3rd period - Shot Hit the Post.
5:21 of 3rd period - Icing by Vitaly Vishnevsky.
5:22 of 3rd period - Pierre-Marc Bouchard wins face-off versus Mark Scheifele in Canadiens zone.
5:28 of 3rd period - Off-side.
5:29 of 3rd period - Frans Nielsen wins face-off versus Brayden Schenn in neutral zone.
6:19 of 3rd period - Icing by Frans Nielsen.
6:20 of 3rd period - Scott Hartnell wins face-off versus Jordan Staal in Canadiens zone.
8:08 of 3rd period - Wrist shot by David Jones.
8:08 of 3rd period - Shot Misses the Net.
8:10 of 3rd period - Slapshot by Viktor Stalberg.
8:10 of 3rd period - Shot Misses the Net.
8:12 of 3rd period - Wrist shot by Dustin Boyd.
8:12 of 3rd period - Shot Misses the Net.
8:14 of 3rd period - Slapshot by Colton Parayko.
8:14 of 3rd period - Deflect By David Jones.
8:14 of 3rd period - Goal by David Jones - Maple Leafs : 2 - Canadiens : 7.
8:15 of 3rd period - Jordan Staal wins face-off versus Pierre-Marc Bouchard in neutral zone.
8:30 of 3rd period - Slapshot by Pierre-Marc Bouchard.
8:30 of 3rd period - Shot Misses the Net.
8:47 of 3rd period - Shaone Morrisonn is hit by Kevin Shattenkirk and loses puck.
9:03 of 3rd period - Snap shot by Alex Killorn.
9:03 of 3rd period - Shot Misses the Net.
9:23 of 3rd period - Greg Stewart is hit by Claude Giroux and loses puck.
11:02 of 3rd period - Vitaly Vishnevsky is hit by Blake Comeau and loses puck.
11:11 of 3rd period - Tomas Plekanec is hit by Eric Nystrom and loses puck.
11:34 of 3rd period - Viktor Stalberg is hit by Brayden Schenn and loses puck.
11:56 of 3rd period - Ryan Parent is hit by Pierre-Marc Bouchard and loses puck.
12:27 of 3rd period - David Jones is hit by Eric Nystrom and loses puck.
13:02 of 3rd period - Icing by Raphael Diaz.
13:03 of 3rd period - Pierre-Marc Bouchard wins face-off versus Nate Thompson in Canadiens zone.
13:28 of 3rd period - Taylor Hall is hit by Dustin Boyd.
13:42 of 3rd period - Snap shot by Jordan Staal.
13:42 of 3rd period - Shot Blocked by Mark Stuart.
13:44 of 3rd period - Snap shot by Braydon Coburn.
13:44 of 3rd period - Stopped by Henrik Lundqvist with a rebound.
13:46 of 3rd period - Snap shot by Fabian Brunnstrom.
13:46 of 3rd period - Goal by Fabian Brunnstrom - Maple Leafs : 3 - Canadiens : 7.
13:47 of 3rd period - Pierre-Marc Bouchard wins face-off versus Jordan Staal in neutral zone.
13:54 of 3rd period - Slapshot by Andrew Alberts.
13:54 of 3rd period - Stopped by Thomas McCollum with a rebound.
14:02 of 3rd period - Backhand shot by Taylor Hall.
14:02 of 3rd period - Shot Blocked by Colton Parayko.
14:04 of 3rd period - Wrist shot by Taylor Hall.
14:04 of 3rd period - Shot Misses the Net.
14:20 of 3rd period - Snap shot by Ben Smith.
14:20 of 3rd period - Stopped by Henrik Lundqvist without a rebound.
14:21 of 3rd period - Frans Nielsen wins face-off versus Brayden Schenn in Canadiens zone.
14:21 of 3rd period - Frans Nielsen is hit by Ben Smith.
14:27 of 3rd period - Snap shot by Greg Stewart.
14:27 of 3rd period - Shot Misses the Net.
14:29 of 3rd period - Wrist shot by Raphael Diaz.
14:29 of 3rd period - Deflect By Evgeny Dadonov.
14:29 of 3rd period - Shot Misses the Net.
14:29 of 3rd period - Puck is out of play.
14:30 of 3rd period - Brayden Schenn wins face-off versus Frans Nielsen in Maple Leafs zone.
14:35 of 3rd period - Slapshot by Braydon Coburn.
14:35 of 3rd period - Deflect By Fabian Brunnstrom.
14:35 of 3rd period - Stopped by Henrik Lundqvist without a rebound.
14:36 of 3rd period - Pierre-Marc Bouchard wins face-off versus Jordan Staal in Canadiens zone.
14:36 of 3rd period - Pierre-Marc Bouchard is hit by Braydon Coburn.
14:39 of 3rd period - Minor Penalty to Pierre-Marc Bouchard for Boarding.
14:40 of 3rd period - Jordan Staal wins face-off versus Tomas Plekanec in Canadiens zone.
14:47 of 3rd period - Off-side.
14:48 of 3rd period - Tomas Plekanec wins face-off versus Jordan Staal in neutral zone.
15:15 of 3rd period - Slapshot by Claude Giroux.
15:15 of 3rd period - Shot Misses the Net.
15:51 of 3rd period - Minor Penalty to Claude Giroux for Hooking.
15:52 of 3rd period - Tomas Plekanec wins face-off versus Eric Nystrom in Maple Leafs zone.
16:39 of 3rd period - Penalty to Pierre-Marc Bouchard is over, Pierre-Marc Bouchard is back on ice.
17:51 of 3rd period - Penalty to Claude Giroux is over, Claude Giroux is back on ice.
18:00 of 3rd period - Slapshot by Nate Thompson.
18:00 of 3rd period - Shot Misses the Net.
18:02 of 3rd period - Snap shot by Alex Killorn.
18:02 of 3rd period - Stopped by Henrik Lundqvist with a rebound.
18:15 of 3rd period - Snap shot by Shaone Morrisonn.
18:15 of 3rd period - Shot Blocked by Ryan Parent.
18:56 of 3rd period - Wrist shot by Tomas Plekanec.
18:56 of 3rd period - Stopped by Thomas McCollum with a rebound.
19:33 of 3rd period - Raphael Diaz is hit by Fabian Brunnstrom and loses puck.
Goals for this period are 1 for Maple Leafs vs 2 for Canadiens.
Shots for this period are 5 for Maple Leafs vs 4 for Canadiens.
Back to the Top